Map: Chantier naval orbital

Players

IIIIIIIIIIII

  • Race: Terran Terran

Tilan - Winner!

  • Race: Protoss Protoss
  • League: Silver

VOD

Have the link to the VOD?

Description

First try Blink all in GungFuBanda

Time

  • Played on: Feb. 5, 2016, 9:56 a.m.
  • Length: 19:39
Show
View Real Time Build Order
Export as new Build Order

IIIIIIIIIIII Terran 

Build Orders: MMM Bio 

Get SALT Encoding   

  12  0:01  SCV  
  13  0:13  SCV  
  14  0:18  Supply Depot  
  14  0:25  SCV  
  15  0:40  SCV  
  15  0:42  Barracks  
  16  0:50  Refinery  
  16  0:52  SCV  
  17  1:03  Supply Depot  
  17  1:04  SCV  
  18  1:16  SCV  
  19  1:28  SCV  
  19  1:30  Marine  
  21  1:40  Supply Depot  
  21  1:41  Orbital Command  
  21  1:49  Barracks Reactor  
  21  2:04  Command Center  
  21  2:07  SCV  
  22  2:19  SCV, Refinery  
  23  2:27  Barracks  
  23  2:31  SCV  
  24  2:37  Marine x2  
  24  2:43  SCV  
  27  2:48  Supply Depot  
  27  2:55  Marine x2  
  29  3:03  Factory  
  29  3:12  Marine  
  29  3:13  Marine  
  29  3:15  Barracks Tech Lab  
  29  3:18  Orbital Command  
  31  3:23  Supply Depot  
  31  3:30  Marine x2  
  33  3:35  Engineering Bay  
  33  3:40  Stimpack  
  33  3:44  SCV  
  33  3:47  SCV  
  35  3:52  Factory Reactor  
  35  3:56  SCV  
  35  3:59  SCV  
  35  4:02  Terran Infantry Armor Level 1  
  37  4:08  SCV  
  38  4:11  SCV  
  38  4:13  Supply Depot  
  39  4:19  Marauder  
  39  4:20  SCV  
  39  4:23  SCV  
  43  4:32  SCV  
  43  4:35  SCV  
  43  4:43  Marine  
  43  4:44  SCV, Marauder  
  46  4:47  SCV  
  47  4:56  SCV  
  47  4:57  Supply Depot x2  
  47  4:58  Marine  
  47  4:59  SCV  
  50  5:01  Marine  
  50  5:05  Marauder  
  53  5:09  SCV  
  53  5:10  Starport  
  53  5:11  SCV  
  55  5:20  Refinery  
  55  5:21  SCV  
  56  5:24  SCV  
  57  5:30  Barracks  
  57  5:32  Marine x2, Marauder  
  57  5:34  SCV  
  62  5:36  SCV  
  63  5:42  Supply Depot  
  63  5:43  Supply Depot  
  63  5:47  Starport Reactor  
  63  5:54  Barracks, Marauder  
  63  5:56  Marine x2  
  67  5:59  Terran Infantry Weapons Level 1  
  67  6:15  Marauder  
  67  6:16  Supply Depot x2  
  69  6:19  Barracks Reactor  
  69  6:23  Marine x2  
  71  6:25  Medivac  
  73  6:34  Refinery  
  73  6:35  Supply Depot  
  73  6:37  Marauder  
  75  6:40  Medivac  
  75  6:41  Marine  
  75  6:46  Barracks  
  78  6:48  Marine  
  78  6:50  Barracks Tech Lab  
  79  6:54  Supply Depot  
  79  6:58  Marauder  
  81  7:09  Medivac  
  81  7:10  Combat Shields, Medivac  
  85  7:15  Marine  
  85  7:16  Marine, Marauder  
  85  7:19  Marauder  
  91  7:26  Armory  
  91  7:28  Supply Depot  
  91  7:32  Supply Depot  
  91  7:33  Barracks Reactor  
  91  7:38  Marine, Marauder  
  91  7:39  Marine, Medivac  
  91  7:41  Marauder  
  99  7:47  Supply Depot  
  99  7:48  Marine  
  100  7:58  Marine  
  100  7:59  Marauder  
  100  8:02  Marauder  
  90  8:41  Marine x4, Marauder  
  90  8:42  Marauder  
  97  8:49  Barracks  
  97  8:51  Command Center  
  97  8:55  Ghost Academy, Supply Depot  
  97  8:59  Marine x2  
  97  9:00  Marine x2  
  101  9:03  Marauder x2  
  74  9:59  Orbital Command  
  34  12:29  Orbital Command  
  27  14:08  Orbital Command  
  27  16:12  Starport Tech Lab  
  17  16:42  SCV  
  14  16:56  Supply Depot  
  14  17:18  Raven  
  16  17:26  SCV, Supply Depot  
Show
View Real Time Build Order
Export as new Build Order

Tilan Protoss - Winner!

Build Orders: 1 Gate Expand, Oracle Opening 

Get SALT Encoding   

  12  0:01  Probe (Chrono Boost)  
  13  0:12  Probe (Chrono Boost)  
  14  0:19  Pylon  
  14  0:22  Probe (Chrono Boost)  
  15  0:37  Probe (Chrono Boost)  
  15  0:39  Gateway  
  16  0:47  Assimilator  
  16  0:49  Probe (Chrono Boost)  
  17  1:00  Probe (Chrono Boost)  
  18  1:11  Probe (Chrono Boost)  
  19  1:24  Probe (Chrono Boost)  
  19  1:25  Nexus  
  20  1:37  Probe (Chrono Boost)  
  21  1:43  Cybernetics Core  
  21  1:46  Assimilator  
  21  1:47  Probe (Chrono Boost)  
  22  1:59  Probe (Chrono Boost)  
  23  2:09  Pylon  
  23  2:27  Probe (Chrono Boost), Adept  
  23  2:29  Stargate  
  26  2:38  Probe (Chrono Boost)  
  26  2:40  Probe (Chrono Boost)  
  28  2:47  Warp Gate (Chrono Boost)  
  28  2:57  Adept  
  30  2:59  Pylon  
  30  3:02  Probe  
  33  3:19  Oracle (Chrono Boost)  
  34  3:20  Probe  
  34  3:24  Probe  
  36  3:32  Twilight Council  
  36  3:40  Probe  
  36  3:44  Mothership Core  
  39  3:53  Pylon  
  39  3:55  Gateway  
  39  3:58  Gateway  
  39  4:00  Gateway  
  39  4:01  Phoenix (Chrono Boost)  
  41  4:15  Gateway  
  41  4:16  Probe  
  41  4:17  Probe, Gateway  
  41  4:20  Gateway  
  43  4:27  Probe  
  43  4:30  Probe  
  45  4:44  Probe  
  42  4:46  Probe  
  44  4:54  Blink  
  44  5:08  Probe  
  44  5:10  Probe  
  44  5:12  Assimilator  
  46  5:16  Assimilator, Oracle (Chrono Boost)  
  46  5:19  Pylon  
  49  5:25  Pylon  
  49  5:28  Probe  
  49  5:30  Probe  
  51  5:40  Probe  
  52  5:58  Nexus  
  52  6:00  Pylon  
  52  6:03  Pylon  
  52  6:04  Gateway  
  52  6:07  Pylon  
  48  6:15  Probe  
  48  6:17  Probe  
  50  6:23  Assimilator  
  50  6:29  Assimilator  
  50  6:33  Stalker x3  
  50  6:35  Stalker  
  50  6:36  Stalker x2  
  50  6:38  Stalker  
  64  6:58  Probe  
  64  6:59  Pylon, Probe  
  66  7:09  Dark Shrine  
  66  7:10  Stalker  
  66  7:11  Stalker  
  66  7:12  Stalker x4  
  66  7:13  Stalker  
  66  7:14  Stalker  
  82  7:42  Probe x2  
  82  7:43  Probe  
  85  7:45  Stalker x3  
  85  7:46  Stalker x2  
  85  7:47  Stalker  
  85  7:48  Stalker x2  
  71  8:34  Dark Templar x2  
  71  8:35  Dark Templar x4  
  65  9:46  Dark Templar x2  
  65  9:47  Dark Templar x4  
  77  10:02  Nexus  
  65  10:36  Dark Templar  
  65  10:39  Dark Templar  
  65  10:40  Dark Templar x2  
  69  10:43  Dark Templar  
  69  10:44  Dark Templar  
  71  11:09  Pylon  
  71  11:11  Pylon  
  71  11:14  Pylon  
  71  11:18  Pylon  
  71  11:20  Pylon  
  71  11:22  Pylon  
  71  11:44  Zealot  
  73  11:55  Pylon  
  73  11:58  Pylon  
  73  12:00  Pylon  
  73  12:03  Pylon  
  73  12:04  Gateway  
  73  12:05  Gateway  
  73  12:08  Gateway  
  73  12:11  Gateway  
  73  12:13  Gateway  
  53  13:04  Dark Templar x2  
  53  13:05  Dark Templar x4  
  54  13:24  Probe  
  51  13:46  Cybernetics Core  
  32  14:10  Dark Templar  
  32  14:11  Probe, Dark Templar x3  
  32  14:14  Dark Templar x2  
  44  14:29  Stargate  
  44  14:35  Pylon, Probe  
  44  14:37  Pylon  
  45  14:40  Pylon  
  45  14:44  Pylon  
  42  15:06  Zealot  
  42  15:07  Zealot x3  
  46  15:09  Zealot x2  
  46  15:12  Probe  
  55  15:16  Assimilator  
  55  15:22  Assimilator  
  55  15:38  Probe  
  50  16:37  Probe  
  44  16:58  Probe  
  45  17:14  Nexus  
  45  18:15  Pylon, Probe  
  46  18:38  Phoenix (Chrono Boost)  
  48  19:00  Phoenix (Chrono Boost)  
Tags
 
Add a new tag
Caveats
  • Supply blocks, unpowered buildings, or Contaminate may cause inaccurate times.
  • Supply counts are checked every 10 seconds.